cohdb
Replays
Latest Replays
All Replays
Popular Replays
Top Player Replays
Match Explorer
How It Works
Community
CoH3 Stats
Reddit
Sign in to upload your games and track your stats! →
Sign in with Steam
Match 41930518
Unlisted
Match 41930518
Overview
Messages
Build Orders
End
Construct Infanterie Kompanie
Selects Breakthrough Battlegroup
Selects Assault Grenadiers
Grenadier Squad
Grenadier Squad
Forward Retreat Point
Construct Luftwaffe Kompanie
Medical Bunker
Flak 30 Anti-aircraft Gun Team
Jäger Squad
Support Elements
Wirbelwind Flakpanzer
Selects Rapid Production
Jäger Squad
Marder III M Tank Destroyer
Selects Blitzkrieg
Jäger Squad
Pioneer Squad
Kettenkrad Recon Vehicle
Construct Panzergrenadier Kompanie
Nebelwerfer 42 Rocket Launcher Team
Marder III M Tank Destroyer
MG 42 Machine Gun Team
Nuclear Viking
Overlord
OnlyJustWhite
็็็็็็็็็็
追坦克的喵
Suckobert
0
0
Comments
sign in to comment!
No comments posted yet!